 Dungeon Crawl Stone Soup version 0.22.1-2-g9c5b331 (webtiles) character file.

1033 rz the Geomancer (level 8, 0/46 HPs)
             Began as a Gargoyle Earth Elementalist on Dec 3, 2018.
             Was a Follower of Vehumet.
             Slain by an ogre
             ... wielding a +0 giant spiked club
              (23 damage)
             ... on level 6 of the Dungeon.
             The game lasted 00:08:59 (7527 turns).

rz the Geomancer (Gargoyle Earth Elementalist)      Turns: 7527, Time: 00:09:00

Health: 0/46       AC:  8    Str: 12    XL:     8   Next: 24%
Magic:  11/14      EV: 15    Int: 18    God:    Vehumet [*.....]
Gold:   278        SH:  5    Dex: 14    Spells: 6/15 levels left

rFire    . . .     SeeInvis .   y - +2 dagger (venom)
rCold    . . .     Gourm    .   s - +0 buckler
rNeg     + . .     Faith    .   c - +0 robe
rPois    ∞         Spirit   .   i - +0 helmet
rElec    +         Reflect  .   (no cloak)
rCorr    .         Harm     .   (no gloves)
MR       .....                  (no boots)
Stlth    ++........             (no amulet)
HPRegen  0.15/turn              o - +4 ring of dexterity
MPRegen  0.14/turn              u - +2 ring of evasion

@: no status effects
A: negative energy resistance 1, electricity resistance, unbreathing,
petrification resistance, rot immunity, AC +5
a: Renounce Religion


You were on level 6 of the Dungeon.
You worshipped Vehumet.
Vehumet was aware of your devotion.
You were near starving.

You visited 2 branches of the dungeon, and saw 7 of its levels.

You collected 278 gold pieces.

Inventory:

Hand Weapons
 y - a +2 dagger of venom (weapon)
Missiles
 b - 124 stones (quivered)
Armour
 c - a +0 robe (worn)
 i - a +0 helmet (worn)
 s - a +0 buckler (worn)
Jewellery
 e - an uncursed amulet of the acrobat {unknown}
 o - a +4 ring of dexterity (left hand)
 u - a +2 ring of evasion (right hand)
Scrolls
 a - 3 scrolls of identify
 g - a scroll of enchant weapon {unknown}
 l - a scroll of teleportation {unknown}
 n - 3 scrolls of remove curse {unknown}
 p - a scroll of blinking {unknown}
 t - a scroll of immolation {unknown}
 w - a scroll of fog {unknown}
 A - 3 scrolls of fear {unknown}
Potions
 f - 2 potions of resistance {unknown}
 h - a potion of ambrosia {unknown}
 j - 4 potions of lignification
 k - 5 potions of curing
 m - a potion of mutation {unknown}
 q - a potion of cancellation {unknown}
 r - 2 potions of brilliance {unknown}
 v - a potion of invisibility {unknown}
 x - a potion of agility {unknown}
 z - a potion of heal wounds {unknown}
Comestibles
 d - 12 rations


   Skills:
 + Level 3.1 Fighting
 - Level 2.9 Dodging
 - Level 2.1 Stealth
 + Level 3.2 Shields
 + Level 4.4 Spellcasting
   Level 0.7 Transmutations
 * Level 8.3 Earth Magic


You had 6 spell levels left.
You knew the following spells:

 Your Spells              Type           Power        Failure   Level  Hunger
a - Sandblast             Erth           ####..       1%          1    None
b - Stone Arrow           Conj/Erth      ###...       9%          3    ###....
c - Lee's Rapid Deconstr  Erth           ####......   14%         5    ######.

Your spell library contained the following spells:

 Spells                   Type           Power        Failure   Level  Hunger
 Magic Dart               Conj           #...         16%         1    None
 Passwall                 Tmut/Erth      ###.....     3%          2    ##.....
 Corona                   Hex            #......      16%         1    None
 Ensorcelled Hibernation  Hex/Ice        #.....       24%         2    ##.....
 Petrify                  Tmut/Erth      ###.....     24%         4    ####...
 Confuse                  Hex            #.......     43%         3    ###....
 Dazzling Spray           Conj/Hex       #.....       43%         3    ###....
 Tukima's Dance           Hex            #.......     43%         3    ###....


Dungeon Overview and Level Annotations

Branches:
Dungeon (6/15)             Temple (1/1) D:4

Altars:
Cheibriados
Dithmenos
Elyvilon
Gozag
Hepliaklqana
Makhleb
Qazlal
Ru
Sif Muna
Trog
Uskayaw
Vehumet


Innate Abilities, Weirdness & Mutations

You are resistant to torment.
Your stone body is resilient. (AC +5)
You are immune to poison.
You resist negative energy. (rN+)
You are resistant to electric shocks. (rElec)
You can survive without breathing.
You are immune to petrification.
You are immune to rotting.


Message History

The ogre closely misses you.
You hit the ogre.
The ogre is lightly wounded.
The crimson imp blinks!
You hit the ogre but do no damage.
The ogre is lightly wounded.
The ogre hits you with a giant spiked club!!
Ouch! That really hurt!
You are too injured to fight recklessly!
You are too injured to fight recklessly!
Casting: Sandblast (safe; 1% risk of failure)
Confirm with . or Enter, or press ? or * to list all spells.
Aiming: Stone Arrow (safe; 9% risk of failure)
Press: ? - help, Shift-Dir - straight line, f - ogre
Aim: an ogre, wielding a giant spiked club (lightly wounded)
The stone arrow hits the ogre.
The ogre is severely wounded.
The ogre hits you with a giant spiked club!!
Ouch! That really hurt!
You die...

.. ###..#### .......
#..[...# #..#§..#
#####.#"..#
......O...####.#
#@.......# #
##..##### #.##..#
#.....# ####.## #.#
#.#
.#####.############
.........##........#


You could see an ogre.

Vanquished Creatures
  An ice beast (D:5)
  A phantom (D:5)
  2 ogres
  A scorpion (D:5)
  3 crimson imps (D:5)
  A jelly (D:5)
  2 hounds
  3 orc wizards
  2 iguanas (D:5)
  3 worker ants
  A hound skeleton (D:4)
  4 gnolls
  7 adders
  3 oozes
  3 worms
  4 leopard geckos
  16 orcs
  3 giant cockroaches
  6 hobgoblins
  8 jackals
  6 kobolds
  2 quokkas
  A ball python (D:4)
  6 bats
  6 frilled lizards
  3 goblins
  A quokka skeleton (D:5)
  2 quokka zombies (D:5)
  5 rats
106 creatures vanquished.

Notes
Turn   | Place    | Note
-------+----------+-------------------------------------------
     0 | D:1      | rz the Gargoyle Earth Elementalist began the quest for the
                  | Orb.
     0 | D:1      | Reached XP level 1. HP: 10/10 MP: 3/3
   211 | D:1      | Reached skill level 4 in Earth Magic
   211 | D:1      | Reached XP level 2. HP: 6/15 MP: 0/5
   675 | D:1      | Reached XP level 3. HP: 13/19 MP: 0/6
  1302 | D:2      | Learned a level 3 spell: Stone Arrow
  1322 | D:2      | Found a deep blue altar of Sif Muna.
  1970 | D:2      | Reached XP level 4. HP: 19/24 MP: 1/7
  2048 | D:2      | Reached skill level 5 in Earth Magic
  2678 | D:3      | Reached XP level 5. HP: 25/28 MP: 1/9
  2745 | D:3      | Found a burning altar of Makhleb.
  3443 | D:3      | Found a faded altar of an unknown god.
  4473 | D:4      | Found a staircase to the Ecumenical Temple.
  4507 | Temple   | Entered the Ecumenical Temple
  4599 | Temple   | Became a worshipper of Vehumet
  4764 | D:4      | Noticed an ogre
  4767 | D:4      | Killed an ogre
  4767 | D:4      | Reached skill level 6 in Earth Magic
  4767 | D:4      | Reached XP level 6. HP: 32/32 MP: 6/10
  5063 | D:4      | Learned a level 5 spell: Lee's Rapid Deconstruction
  6047 | D:4      | Reached skill level 1 in Shields
  6058 | D:4      | Reached skill level 1 in Fighting
  6185 | D:4      | Reached XP level 7. HP: 38/38 MP: 5/12
  6411 | D:5      | Entered Level 5 of the Dungeon
  6432 | D:5      | Reached skill level 7 in Earth Magic
  6626 | D:5      | Found an opulent altar of Gozag.
  6727 | D:5      | Reached * piety under Vehumet
  6727 | D:5      | Offered knowledge of Magic Dart by Vehumet.
  7026 | D:5      | Reached skill level 8 in Earth Magic
  7026 | D:5      | Reached XP level 8. HP: 44/45 MP: 14/14
  7527 | D:6      | Slain by an ogre

Skill      XL: |  1  2  3  4  5  6  7  8 |
---------------+-------------------------+-----
Earth Magic    | 4 5 6 8 |  8.3
Dodging        | 2 |  2.9
Spellcasting   | 3 4 |  4.4
Shields        | 1 2 3 |  3.2
Fighting       | 1 2 3 |  3.1
Stealth        | |  2.1
Transmutations | |  0.7

Action                   |  1- 3 |  4- 6 |  7- 9 || total
-------------------------+-------+-------+-------++-------
Melee: Short sword       |    63 |   127 |       ||   190
       Unarmed           |     1 |       |       ||     1
       Dagger            |       |       |    85 ||    85
 Cast: Sandblast         |    31 |    23 |    14 ||    68
       Stone Arrow       |     6 |    34 |     6 ||    46
       Lee's Rapid Decon |       |     1 |       ||     1
  Use: Scroll            |       |     4 |       ||     4
 Stab: Sleeping          |     2 |       |     1 ||     3
  Eat: Chunk             |     4 |    12 |     3 ||    19
       Ration            |       |     2 |       ||     2
Armor: Robe              |    35 |    49 |    14 ||    98
Dodge: Dodged            |    46 |    88 |    63 ||   197
Block: Buckler           |       |    18 |    19 ||    37
